 Dungeon Crawl Stone Soup version 0.27-a0-1529-g1e82c303ef (webtiles) character file.

Game seed: 13355593380006479710

611 bande the Shield-Bearer (level 7, -6/43 HPs)
             Began as a Gargoyle Fighter on July 12, 2021.
             Splashed by Ijyb's acid (12 damage)
             ... on level 3 of the Dungeon.
             The game lasted 00:07:33 (4450 turns).

bande the Shield-Bearer (Gargoyle Fighter)          Turns: 4450, Time: 00:07:33

Health: -6/43      AC: 16    Str: 25    XL:     7   Next: 43%
Magic:  0/7        EV:  5    Int:  8    God:
Gold:   156        SH: 12    Dex: 16    Spells: 6/6 levels left

rFire    + . .     SeeInvis .   l - +12 trident of Hell's Wrath {vorpal, rElec rF+ Str+4 Stlth+}
rCold    . . .     Faith    .   c - +1 kite shield
rNeg     + . .     Spirit   +   m - +0 plate armour
rPois    ∞         Reflect  .   (no helmet)
rElec    +         Harm     .   (no cloak)
rCorr    .         Rampage  .   (no gloves)
Will     .....                  (no boots)
Stlth    ..........             r - amulet of guardian spirit
HPRegen  0.14/turn              e - +4 ring of protection
MPRegen  0.10/turn              s - +6 ring of dexterity

@: corroded
A: sickness immunity, AC +4, negative energy resistance 1, electricity
resistance, torment resistance 1, petrification resistance
a: no special abilities


You were on level 3 of the Dungeon.
You visited 1 branch of the dungeon, and saw 5 of its levels.

You collected 156 gold pieces.

Inventory:

Hand Weapons
 a - a +1 war axe of draining
 b - a +0 flail of protection
 l - the +12 trident of Hell's Wrath (weapon) {vorpal, rElec rF+ Str+4 Stlth+}
   (You found it on level 4 of the Dungeon)

   It inflicts extra damage upon your enemies.
   Str:       It affects your strength (+4).
   rF:        It protects you from fire.
   rElec:     It insulates you from electricity.
   Stlth:     It makes you more stealthy.
Missiles
 j - 6 atropa-tipped darts (quivered)
Armour
 c - a +1 kite shield (worn)
 m - a +0 plate armour (worn)
Jewellery
 e - a +4 ring of protection (left hand)
 r - an amulet of guardian spirit (around neck)
 s - a +6 ring of dexterity (right hand)
Wands
 k - a wand of mindburst (7)
 u - a wand of polymorph (6)
Scrolls
 g - 2 scrolls of teleportation
 h - 3 scrolls of identify
 o - a scroll of holy word {unknown}
 p - a scroll of enchant armour
 t - a scroll of noise {unknown}
Potions
 d - a potion of might
 f - a potion of lignification {unknown}
 i - a potion of flight {unknown}
 n - a potion of curing
 q - a potion of attraction {unknown}


   Skills:
 + Level 4.0 Fighting
 + Level 4.3 Axes
 + Level 4.5 Armour
 + Level 1.5 Dodging
 - Level 0.1 Stealth
 + Level 5.3 Shields
 * Level 2.2 Evocations


You had 6 spell levels left.
You didn't know any spells.
Your spell library contained the following spells:

 Spells                   Type           Power      Damage    Failure   Level
 Shock                    Conj/Air       0%         1d3       100%        1
 Inner Flame              Hex/Fire       0%         N/A       100%        3
 Swiftness                Air            0%         N/A       100%        3
 Airstrike                Air            0%         N/A       100%        4
 Cause Fear               Hex            0%         N/A       100%        4
 Fireball                 Conj/Fire      0%         3d3       100%        5
 Iskenderun's Battlesphe  Conj           0%         2d6       100%        5
 Conjure Ball Lightning   Conj/Air       0%         3x3d6     100%        6
 Orb of Destruction       Conj           0%         N/A       100%        7
 Discord                  Hex            0%         N/A       100%        8


Dungeon Overview and Level Annotations

Branches:
Dungeon (5/15)
 Temple: D:4-7

Altars:
Hepliaklqana
Wu Jian

Annotations:
D:3 Ijyb
D:4 2 transporters, flotson's ghost, weakling GrDe
D:5 1 runed translucent door, Crazy Yiuf


Innate Abilities, Weirdness & Mutations

You are immune to sickness and miasma.
Your stone body is resilient. (AC +4)
You are immune to poison.
You resist negative energy. (rN+)
You are resistant to electric shocks. (rElec)
You are resistant to unholy torment.
You are immune to petrification.


Message History

No target in view!
No target in view!
Things that are here:
a +0 whip; 4 stones You now have 156 gold pieces (gained 9).
u - a wand of polymorph (6)
You see here a hobgoblin corpse.
Ijyb the Twisted Goblin comes into view.
She is wielding a +0 club and carrying a wand of acid (10).
Ijyb is nearby!
Ijyb zaps a wand.
The bolt of acid hits you but does no damage.
The acid corrodes you!
You are splashed with acid!
Ijyb zaps a wand.
The bolt of acid hits you. The acid corrodes you!
You are splashed with acid!
Found a book of the Senses.
You are too injured to fight recklessly!
You are too injured to fight recklessly!
You are too injured to fight recklessly!
You are too injured to fight recklessly!
You are too injured to fight recklessly!
You are too injured to fight recklessly!
You are too injured to fight recklessly!
You are too injured to fight recklessly!
You are too injured to fight recklessly!
You are too injured to fight recklessly!
You are too injured to fight recklessly!
Unknown command.
Ijyb hits you but does no damage.
You puncture Ijyb!
Ijyb is heavily wounded.
Ijyb zaps a wand.
The bolt of acid misses you. You block Ijyb's attack.
You puncture Ijyb!
Ijyb is almost dead.
You block Ijyb's attack.
You closely miss Ijyb.
Ijyb is almost dead.
Ijyb zaps a wand.
The bolt of acid hits you!
* * * LOW HITPOINT WARNING * * *
You are splashed with acid!
You die...

#.# #.#.#.......#
#.# #.#.#####.#.#
#.# #.#.# #.#.#
#.# #.#.# #.#.#
#.# #.#.# #.#.#
#.####.#.# #.#.#
.......#.# #.#.#
#.######.#####.#.#
...............#@#
#.######†####..#g#
#.# #.# #..#.# #.#
#.# #..#.# #.# #.#
#..#.# #.# #.#
#..#.. ... #.#
#..##: .. #.# #..#
. . #.# #..#


You could see Ijyb.

Vanquished Creatures
  A centaur (D:5)
  An ogre (D:4)
  A scorpion (D:4)
  An orc priest (D:3)
  A jelly (D:4)
  4 hounds
  2 iguanas
  An orc wizard (D:3)
  3 adders
  2 river rats (D:4)
  2 adder skeletons
  4 worms
  A dart slug (D:2)
  4 orcs
  7 ball pythons
  5 bats
  5 endoplasms
  3 giant cockroaches
  2 goblins (D:2)
  10 hobgoblins
  4 jackals (D:3)
  8 kobolds
  A quokka (D:3)
  2 frilled lizards
  6 rats
81 creatures vanquished.

Notes
Turn   | Place    | Note
-------+----------+-------------------------------------------
     0 | D:1      | bande the Gargoyle Fighter began the quest for the Orb.
     0 | D:1      | Reached XP level 1. HP: 14/14 MP: 1/1
   273 | D:1      | Reached XP level 2. HP: 15/19 MP: 2/2
  1054 | D:2      | Found a hazy altar of Hepliaklqana.
  1113 | D:2      | Reached XP level 3. HP: 13/23 MP: 3/3
  1739 | D:2      | You fall into a shaft and drop 1 floor!
  1865 | D:2      | Found a faded altar of an unknown god.
  2378 | D:3      | You fall into a shaft and drop 2 floors!
  2378 | D:5      | Entered Level 5 of the Dungeon
  2392 | D:5      | Reached skill level 4 in Shields
  2392 | D:5      | Reached XP level 4. HP: 26/28 MP: 4/4
  2468 | D:5      | Found a runed translucent door.
  2469 | D:5      | Noticed Crazy Yiuf
  2534 | D:5      | Reached XP level 5. HP: 32/32 MP: 5/5
  2625 | D:5      | Noticed a centaur
  2642 | D:5      | Killed a centaur
  2643 | D:5      | Reached skill level 1 in Dodging
  2643 | D:5      | Reached skill level 1 in Evocations
  3043 | D:4      | Identified the +12 trident of Hell's Wrath {vorpal, rElec
                  | rF+ Str+4 Stlth+}
  3094 | D:4      | Reached XP level 6. HP: 27/38 MP: 6/6
  3500 | D:4      | Found a transporter.
  3606 | D:4      | Reached skill level 5 in Shields
  3645 | D:4      | Reached XP level 7. HP: 42/42 MP: 7/7
  3760 | D:4      | Noticed flotson's ghost (weakling GrDe)
  3767 | D:4      | Found a transporter.
  3793 | D:4      | Found a hazy altar of Hepliaklqana.
  4246 | D:3      | Found an ornate altar of the Wu Jian Council.
  4443 | D:3      | Noticed Ijyb
  4450 | D:3      | Splashed by Ijyb's acid

Illustrated notes

Levels and vault maps discovered:
D:1:      kilobyte_arrival_exit_the_forest, layout_rooms
D:2:      layout_loops_ring, shapermc_ecumenical_altar_mp_highgroup, basic_altar
D:3:      layout_basic, nicolae_wu_jian_glorious_leap, glass_columns_c,
          grunt_ministairs_1, uniq_ijyb
D:4:      layout_cave_pods, kennysheep_mini, portal_sewer_entry_b,
          gammafunk_ghost_stat_death
D:5:      layout_basic, minmay_misc_feat_tiny, minivault_27,
          uniq_crazy_yiuf_cottage

Skill      XL: |  1  2  3  4  5  6  7 |
---------------+----------------------+-----
Axes           | 2 3 4 |  4.3
Shields        | 4 5 |  5.3
Armour         | 4 |  4.5
Dodging        | 1 |  1.5
Evocations     | 1 2 |  2.2
Fighting       | 4 |  4.0
Stealth        | |  0.1

Action                   |  1- 3 |  4- 6 |  7- 9 || total
-------------------------+-------+-------+-------++-------
Melee: War axe           |   134 |    84 |       ||   218
       Trident           |       |     2 |    38 ||    40
  Use: Scroll            |     5 |     2 |       ||     7
       Potion            |       |     2 |       ||     2
Armor: Scale mail        |    76 |    61 |       ||   137
       Plate armour      |       |     1 |    30 ||    31
Dodge: Dodged            |    42 |    36 |     8 ||    86
Block: Kite shield       |    89 |    77 |    28 ||   194

Table legend: (Time is in decaauts)
 A = Elapsed time spent in this place.
 B = Non-inter-level travel time spent in this place.
 C = Inter-level travel time spent in this place.
 D = Time resting spent in this place.
 E = Time spent auto-exploring this place.
 F = Levels seen in this place.
 G = Mean time per level.
                   A        B        C        D        E       F      G
               +--------+--------+--------+--------+--------+-----+--------+
         Total |   4598 |   4495 |    103 |    864 |   2351 |   5 |  919.6 |
       Dungeon |   4598 |   4495 |    103 |    864 |   2351 |   5 |  919.6 |
               +--------+--------+--------+--------+--------+-----+--------+

Top non-repeatable levels by time:
     D:2: 1343 daAuts
     D:4: 1176 daAuts
     D:1: 940 daAuts
     D:5: 573 daAuts
     D:3: 565 daAuts
